 Dungeon Crawl Stone Soup version 0.31-a0-133-gaae73658be (webtiles) character file.

Game seed: 11477506277907880786

186 BlueFish the Ducker (level 5, 0/37 HPs)
             Began as an Octopode Fighter on May 29, 2023.
             Splashed by a jelly's acid (11 damage)
             ... on level 4 of the Dungeon on June 2, 2023.
             The game lasted 00:04:43 (2610 turns).

BlueFish the Ducker (Octopode Fighter)              Turns: 2610, Time: 00:04:44

Health: 0/37       AC: -11   Str: 17    XL:     5   Next: 65%
Magic:  0/5        EV: 13    Int: 10    God:
Gold:   90         SH:  5    Dex: 12    Spells: 4/4 levels left

rFire   . . .        a - +0 flail
rCold   . . .        b - +0 buckler
rNeg    . . .        (helmet restricted)
rPois   .            l - amulet of guardian spirit
rElec   .            (no ring)
rCorr   .            (no ring)
SInv    .            (no ring)
Will    .....        (no ring)
Stlth   +++          (no ring)
HPRegen 0.26/turn    (no ring)
MPRegen 0.09/turn    (no ring)
                     (no ring)

%: guardian spirit
@: corroded
A: almost no armour, amphibious, 8 rings, camouflage 1, gelatinous body 1,
nimble swimmer 1, tentacles
a: no special abilities


You were on level 4 of the Dungeon.
You visited 1 branch of the dungeon, and saw 4 of its levels.

You collected 90 gold pieces.

Inventory:

Hand Weapons
 a - a +0 flail (weapon)
Armour
 b - a +0 buckler (worn)
Jewellery
 l - an amulet of guardian spirit (around mantle)
Wands
 p - a wand of light (4)
 r - a wand of paralysis (3)
Scrolls
 e - a scroll of magic mapping {unknown}
 j - a scroll of blinking {unknown}
 n - a scroll of acquirement {unknown}
 q - a scroll of noise {unknown}
Potions
 c - a potion of might
 d - 2 potions of brilliance
 f - a potion of enlightenment
 g - a potion of degeneration {unknown}
 h - 2 potions of attraction {unknown}
 i - a potion of ambrosia {unknown}
 k - 3 potions of curing
 m - a potion of heal wounds {unknown}
 o - a potion of cancellation {unknown}


   Skills:
 + Level 3.9 Fighting
 + Level 3.2 Maces & Flails
 + Level 4.0 Dodging
 + Level 4.0 Shields
 * Level 0.0 Unarmed Combat


You had 4 spell levels left.
You didn't know any spells.
Your spell library contained the following spells:

 Spells                   Type           Power      Damage    Failure   Level
 Ensorcelled Hibernation  Hex/Ice        0%         N/A       58%         2
 Passwall                 Tmut/Erth      0%         N/A       58%         2
 Swiftness                Air            0%         N/A       82%         3


Dungeon Overview and Level Annotations

Branches:
Dungeon (4/15)
 Temple: D:4-7

Altars:
Sif Muna
Trog
Vehumet


Innate Abilities, Weirdness & Mutations

You cannot wear most types of armour.
You are amphibious.
You can wear up to eight rings at the same time.
Your skin changes colour to match your surroundings (Stealth+).
Your rubbery body absorbs attacks. (AC +1, EV +1)
You are camouflaged when in or above water. (Stealth+)
You have tentacles for arms and can constrict up to eight enemies at once.


Message History

A jackal is nearby!
You strike the helpless jackal from behind!
You hit the jackal.
You kill the jackal!
Things that are here:
a +0 rapier; 5 stones; an iguana corpse
Things that are here:
a +0 rapier; 5 stones; an iguana corpse
Items here: ( ))) [[ ††.
You see here a +0 trident.
You see here a +0 club.
A hobgoblin comes into view.
The hobgoblin moves out of view.
Things that are here:
a +2 dagger of venom; an orc corpse A dart slug comes into view.
The hobgoblin closely misses you.
You hit the hobgoblin but do no damage. You grab the hobgoblin.
You constrict the hobgoblin. The hobgoblin closely misses you.
You sock the hobgoblin!
You kill the hobgoblin!
Things that are here:
7 gold pieces; a hobgoblin corpse The dart slug launches a dart at you.
The slug dart hits you.
You enter the shallow water.
A jelly comes into view.
You thump the dart slug!
You kill the dart slug!
You sock the jelly! The acid corrodes you!
Your tentacles burn!
The jelly is moderately wounded.
The jelly hits you. The acid corrodes you!
You are splashed with acid!
The jelly hits you. The acid corrodes you!
You are splashed with acid!
You hit the jelly but do no damage.
Your tentacles burn!
You squeeze the jelly, but do no damage.
The jelly is moderately wounded.
The jelly hits you.
* * * LOW HITPOINT WARNING * * *
The acid corrodes you!
You are splashed with acid!
You die...

......#..#........
#.....#..#)###.#.#
#...$.......#
####.#...####
####.♣~♣♣♣~#
#...~~P~~~~♣###
#.##~~~~~~~~~~♣ ..
#~~~~~~≈~P~~ ...
♣~~~@J~~~≈~~ ..
..~~P~~~~~~~~~~ #
...~~~~.~~~~~~~~
.............~P~
................
#♣~~~...........
♣♣♣~~~~P~~.~...
~♣~~~~~~~~~~#


You could see a jelly.

Vanquished Creatures
  Terence (D:3)
  An iguana (D:4)
  Robin (D:2)
  3 gnolls (D:2)
  An adder (D:4)
  A worm (D:2)
  2 dart slugs
  6 orcs (D:4)
  A bat (D:3)
  3 endoplasms
  10 goblins
  10 hobgoblins
  10 jackals
  A quokka (D:3)
  3 ball pythons
  3 frilled lizards
  6 kobolds
  5 rats
68 creatures vanquished.

Vanquished Creatures (others)
  A wizard (D:3)
1 creature vanquished.

Grand Total: 69 creatures vanquished

Notes
Turn   | Place    | Note
-------+----------+-------------------------------------------
     0 | D:1      | BlueFish the Octopode Fighter began the quest for the Orb.
     0 | D:1      | Reached XP level 1. HP: 16/16 MP: 1/1
   123 | D:1      | Reached XP level 2. HP: 18/21 MP: 2/2
   533 | D:2      | Upgraded the game from 0.31-a0-115-g4708a659fe to
                  | 0.31-a0-133-gaae73658be
   584 | D:2      | Reached XP level 3. HP: 18/26 MP: 3/3
   798 | D:2      | Noticed Robin
   805 | D:2      | Killed Robin
  1144 | D:2      | Reached XP level 4. HP: 31/31 MP: 4/4
  1580 | D:3      | Found a bloodstained altar of Trog.
  1581 | D:3      | Noticed a wizard
  1586 | D:3      | Killed a wizard
  1941 | D:3      | Noticed Terence
  1949 | D:3      | Killed Terence
  1950 | D:3      | Reached XP level 5. HP: 24/37 MP: 2/5
  2319 | D:3      | Found a shimmering blue altar of Sif Muna.
  2459 | D:4      | Found a radiant altar of Vehumet.
  2610 | D:4      | Splashed by a jelly's acid

Illustrated notes

Levels and vault maps discovered:
D:1:      spicycebolla_green_bress_n_ham_2, layout_basic,
          minmay_misc_feat_plants
D:2:      wander_river, layout_basic, uniq_robin
D:3:      layout_loops_corners, trog_wizard, lemuel_blue_sif_altar, uniq_terence
D:4:      layout_loops_cross, nemelex_spade_bored_becter,
          kiku_gazebo_pond_becter, fiery_altar_vehumet,
          mainiacjoe_overflow_small_starburst, ebering_ghost_sewer_f,
          serial_bayou_ford_a, hangedman_abyss_or_decor_stagger,
          uniq_blork_the_orc

Skill      XL: |  1  2  3  4  5 |
---------------+----------------+-----
Maces & Flails | 3 |  3.2
Dodging        | 4 |  4.0
Shields        | 4 |  4.0
Fighting       | |  3.9

Action                     |  1- 3 |  4- 6 || total
---------------------------+-------+-------++-------
  Melee: Flail             |    54 |    69 ||   123
         Constrict         |    17 |    16 ||    33
         Tentacles         |    12 |    14 ||    26
         Punch             |       |     1 ||     1
    Use: Scroll            |     3 |     2 ||     5
   Stab: Sleeping          |     5 |     3 ||     8
         Distracted        |       |     1 ||     1
 Armour: Skin              |     1 |     3 ||     4
  Dodge: Dodged            |    29 |    37 ||    66
  Block: Buckler           |     8 |    12 ||    20

Table legend: (Time is in decaauts)
 A = Elapsed time spent in this place.
 B = Non-inter-level travel time spent in this place.
 C = Inter-level travel time spent in this place.
 D = Time resting spent in this place.
 E = Time spent auto-exploring this place.
 F = Levels seen in this place.
 G = Mean time per level.
                   A        B        C        D        E       F      G
               +--------+--------+--------+--------+--------+-----+--------+
         Total |   2645 |   2580 |     65 |     75 |   1929 |   4 |  661.2 |
       Dungeon |   2645 |   2580 |     65 |     75 |   1929 |   4 |  661.2 |
               +--------+--------+--------+--------+--------+-----+--------+

Top non-repeatable levels by time:
     D:3: 924 daAuts
     D:2: 916 daAuts
     D:1: 538 daAuts
     D:4: 265 daAuts
